 Dungeon Crawl Stone Soup version 0.21.0-3-g78d12a8 (webtiles) character file.

33898 theElss the Bludgeoner (level 13, 0/130 HPs)
             Began as a Gargoyle Berserker on Jan 16, 2018.
             Was a High Priest of Trog.
             Killed by divine providence
             ... invoked by a meliai
              (16 damage)
             ... on level 13 of the Dungeon.
             The game lasted 01:00:18 (16165 turns).

theElss the Bludgeoner (Gargoyle Berserker)        Turns: 16165, Time: 01:00:18

Health: 0/130      AC: 41    Str: 29    XL:     13   Next: 73%
Magic:  13/13      EV: 13    Int: 10    God:    Trog [*****.]
Gold:   1047       SH:  0    Dex: 11    Spells: 12/12 levels left

rFire    + . .     SeeInvis .   h - +4 dire flail (protect)
rCold    + . .     Gourm    .   (shield currently unavailable)
rNeg     + . .     Faith    .   H - +0 plate armour
rPois    ∞         Spirit   .   a - +2 helmet
rElec    +         Reflect  .   F - +0 cloak
rCorr    +         Harm     .   P - +2 pair of gloves of the Bagpipe {rPois}
MR       ++...                  L - +0 pair of boots
Stlth    ..........             G - amulet of magic regeneration
HPRegen  1.31/turn              t - +2 ring of dexterity
MPRegen  0.38/turn              n - +3 ring of evasion

@: berserking, resistant, protection aura, regenerating, very quick
A: negative energy resistance 1, electricity resistance, unbreathing,
petrification resistance, rot immunity, AC +9
a: Berserk, Trog's Hand, Brothers in Arms, Burn Spellbooks, Renounce Religion


You were on level 13 of the Dungeon.
You worshipped Trog.
Trog was extremely pleased with you.
You were hungry.

You visited 1 branch of the dungeon, and saw 14 of its levels.
You also visited: Labyrinth and Bailey.

You collected 1047 gold pieces.

Inventory:

Hand Weapons
 h - a +4 dire flail of protection (weapon)
 Q - a +4 morningstar
Armour
 a - a +2 helmet (worn)
 i - a +0 ring mail of fire resistance
 F - a +0 cloak (worn)
 H - a +0 plate armour (worn)
 L - a +0 pair of boots (worn)
 P - the +2 pair of gloves of the Bagpipe (worn) {rPois}
   (You found it in a labyrinth)

   It protects you from poison.
Jewellery
 n - a +3 ring of evasion (right hand)
 t - a +2 ring of dexterity (left hand)
 G - an amulet of magic regeneration (around neck)
 R - an uncursed ring of see invisible
 S - an uncursed ring of resist corrosion
Wands
 q - a wand of polymorph (16)
 y - a wand of flame (51)
 O - a wand of iceblast (28)
 X - a wand of clouds (4)
 Y - a wand of enslavement (15)
 Z - a wand of random effects (28)
Scrolls
 d - 2 scrolls of blinking {unknown}
 g - 9 scrolls of enchant weapon
 j - 3 scrolls of remove curse
 l - 3 scrolls of enchant armour
 m - 6 scrolls of fear
 o - a scroll of torment {unknown}
 p - 2 scrolls of amnesia {unknown}
 r - a scroll of fog {unknown}
 s - 2 scrolls of magic mapping {unknown}
 u - a scroll of noise {unknown}
 w - 3 scrolls of brand weapon {unknown}
 D - 4 scrolls of teleportation {unknown}
 E - a scroll of holy word {unknown}
 T - a scroll of immolation {unknown}
Potions
 b - 2 potions of heal wounds {unknown}
 e - 4 potions of curing
 f - 3 potions of haste
 k - 5 potions of agility
 v - 2 potions of brilliance {unknown}
 x - 3 potions of cancellation
 z - a potion of resistance
 B - a potion of invisibility {unknown}
 J - 2 potions of might
 K - 2 potions of experience
 M - 2 potions of flight {unknown}
Books
 A - a book of the Warp

   Spells                             Type                      Level
   a - Gell's Gravitas                Translocation                3
   b - Portal Projectile              Hexes/Translocation          3
   c - Force Lance                    Conjuration/Translocation    4
   d - Dispersal                      Translocation                6
   e - Controlled Blink               Translocation                8
   f - Disjunction                    Translocation                8
   Trog disapproves of the use of such an item.
 C - a book of Geomancy

   Spells                             Type                      Level
   a - Sandblast                      Earth                        1
   b - Passwall                       Transmutation/Earth          2
   c - Stone Arrow                    Conjuration/Earth            3
   d - Petrify                        Transmutation/Earth          4
   e - Lee's Rapid Deconstruction     Earth                        5
   Trog disapproves of the use of such an item.
 I - a book of Air

   Spells                             Type                      Level
   a - Shock                          Conjuration/Air              1
   b - Swiftness                      Charms/Air                   2
   c - Static Discharge               Conjuration/Air              3
   d - Airstrike                      Air                          4
   e - Lightning Bolt                 Conjuration/Air              5
   Trog disapproves of the use of such an item.
 N - a book of Cantrips

   Spells                             Type                      Level
   a - Confusing Touch                Hexes                        1
   b - Animate Skeleton               Necromancy                   1
   c - Summon Small Mammal            Summoning                    1
   d - Apportation                    Translocation                1
   Trog disapproves of the use of such an item.
Comestibles
 c - 23 rations


   Skills:
 + Level 12.4 Fighting
 + Level 15.4 Maces & Flails
 + Level 11.3 Armour
 + Level 6.2 Dodging
 + Level 3.1 Stealth


You had 12 spell levels left.
You didn't know any spells.

Dungeon Overview and Level Annotations

Branches:
Dungeon (14/15)            Temple (0/1) D:5            Lair (0/6) D:10
    Orc (0/2) D:11         Vaults (0/5) D:14

Altars:
Elyvilon
Fedhas
Gozag
Kikubaaqudgha
Makhleb
Qazlal
Ru
Sif Muna
Trog
Uskayaw
Xom
The Shining One

Portals:
Trove: D:14 (give 20 scrolls of identify)


Innate Abilities, Weirdness & Mutations

You are resistant to torment.
Your stone body is resilient. (AC +9)
You are immune to poison.
You resist negative energy. (rN+)
You are resistant to electric shocks. (rElec)
You can survive without breathing.
You are immune to petrification.
You are immune to rotting.


Message History

The meliai stings you but does no damage.
A red film seems to cover your vision as you go berserk!
You feel yourself moving faster!
You feel mighty!
You are feeling hungry.
The meliai invokes the aid of its god against you.
Something smites you!
* * * LOW HITPOINT WARNING * * *
The meliai closely misses you. The meliai stings you.
* * * LOW HITPOINT WARNING * * *
The meliai hits you but does no damage. The meliai stings you.
* * * LOW HITPOINT WARNING * * *
You feel a strong urge to attack something.
The meliai hits your iron troll but does no damage.
The meliai stings your iron troll but does no damage.
You bludgeon the meliai!!
Your weapon exudes an aura of protection.
The meliai is severely wounded.
The meliai invokes the aid of its god against you.
Something smites you!
You die...

....# #..# #######.#### ....#
##.## #.# .#### #..# ##†# .####
##.# #..# ....# ##÷######## #.##
....# #.........### ###.######
....# #...)...y...###........#
....# #......Ty.#...#........#
....######......@..###.#........#
.^..'..............# #..>.......#
....######.........# ###........#
+#### #.........# #........#
#######.### #........# ##....#
##.####### #+### #..#### #...#
....# ####'##### ####.## ....#
#........# #.....#


You could see 2 meliai and a friendly iron troll (berserk).

Vanquished Creatures
  Kirke (D:12)
  An orc warlord (Bailey)
  Snorg (D:11)
  Josephine (D:12)
  A minotaur (Lab)
  2 hydras
  Harold (D:10)
  A centaur warrior (D:12)
  A catoblepas (D:11)
  3 two-headed ogres
  A tengu warrior (D:12)
  Urug (D:11)
  Nergalle (D:10)
  2 unseen horrors
  A wizard (D:14)
  Pikel (D:5)
  The ghost of Akransas the Gusty, a novice DgAE (D:7)
  9 ugly things
  2 cyclopes (D:12)
  A cyclops (shapeshifter) (D:14)
  2 centaur zombies (D:12)
  A gargoyle (D:14)
  Joseph (D:10)
  A komodo dragon (D:10)
  5 trolls
  A hornet (shapeshifter) (D:14)
  A hippogriff (shapeshifter) (D:14)
  5 hippogriffs
  4 wraiths
  2 wyverns (D:8)
  2 vampires
  Eustachio (D:4)
  5 yaks (D:9)
  4 hogs (D:12)
  A steam dragon (D:7)
  Grum (D:11)
  3 hungry ghosts
  A vampire mosquito (D:14)
  Duvessa (D:4)
  An acid dragon (D:14)
  2 water moccasins
  4 sky beasts
  3 ice beasts
  2 hornet zombies
  7 orc warriors
  2 phantoms
  2 slaves (D:6)
  4 wolves (D:11)
  3 ogres
  7 centaurs
  3 big kobolds
  6 bullfrogs
  Dowan (D:4)
  A gnoll sergeant (D:11)
  A wyvern skeleton (D:14)
  10 scorpions
  14 wights
  4 howler monkeys
  2 vampire bats (D:5)
  2 crimson imps
  A quasit (D:14)
  3 bullfrog zombies
  8 orc priests
  9 hounds
  2 jellies
  The ghost of Thaneod the Firebug, a weakling VSFE (D:3)
  A gnoll shaman (D:5)
  A bullfrog skeleton (D:10)
  3 centaur skeletons
  3 iguanas
  6 orc wizards
  4 worker ants
  A killer bee zombie (D:6)
  A hound zombie (D:8)
  A hound skeleton (D:8)
  A worker ant zombie (D:9)
  6 gnolls
  14 adders
  6 shadow imps
  An ooze (D:2)
  An adder zombie (D:8)
  An adder skeleton (D:5)
  2 worms (D:2)
  3 dart slugs
  4 leopard geckos
  42 orcs
  A ball python (D:1)
  10 bats
  A bat skeleton (D:5)
  4 bat zombies (D:5)
  6 giant cockroaches
  14 goblins
  12 hobgoblins
  9 jackals
  5 quokkas
  6 frilled lizards
  30 kobolds
  A leopard gecko skeleton (D:4)
  A quokka skeleton (D:5)
  A quokka zombie (D:8)
  3 rats (D:1)
  A fungus (D:3)
  A plant (D:10)
388 creatures vanquished.

Vanquished Creatures (collateral kills)
  Maurice (D:10)
1 creature vanquished.

Vanquished Creatures (others)
  A plant (D:10)
1 creature vanquished.

Grand Total: 390 creatures vanquished

Notes
Turn   | Place    | Note
-------+----------+-------------------------------------------
     0 | D:1      | theElss the Gargoyle Berserker began the quest for the Orb.
     0 | D:1      | Reached XP level 1. HP: 14/14 MP: 1/1
    80 | D:1      | Reached XP level 2. HP: 19/19 MP: 2/2
   595 | D:1      | Reached XP level 3. HP: 16/24 MP: 3/3
   789 | D:1      | Reached ** piety under Trog
  1182 | D:2      | Reached XP level 4. HP: 27/29 MP: 4/4
  1205 | D:2      | Reached skill level 4 in Maces & Flails
  1329 | D:2      | Found a blossoming altar of Fedhas.
  1697 | D:2      | Reached XP level 5. HP: 33/33 MP: 5/5
  1923 | D:3      | Reached *** piety under Trog
  2381 | D:3      | Noticed a phantom
  2387 | D:3      | Noticed Thaneod's ghost (weakling VSFE)
  2539 | D:3      | Killed a phantom
  2539 | D:3      | Reached skill level 5 in Maces & Flails
  2539 | D:3      | Reached XP level 6. HP: 38/38 MP: 6/6
  2590 | D:3      | Killed Thaneod's ghost
  2814 | D:3      | Found a glowing golden altar of the Shining One.
  3059 | D:4      | Reached skill level 1 in Stealth
  3075 | D:4      | Reached skill level 6 in Maces & Flails
  3075 | D:4      | Reached XP level 7. HP: 33/44 MP: 7/7
  3181 | D:4      | Noticed Duvessa
  3196 | D:4      | Killed Duvessa
  3208 | D:4      | Noticed Dowan
  3217 | D:4      | Killed Dowan
  3675 | D:4      | Noticed Eustachio
  3721 | D:4      | Killed Eustachio
  3721 | D:4      | Reached skill level 7 in Maces & Flails
  3955 | D:4      | Reached **** piety under Trog
  4320 | D:5      | Entered Level 5 of the Dungeon
  4327 | D:5      | Reached XP level 8. HP: 48/48 MP: 8/8
  4661 | D:5      | Reached skill level 5 in Armour
  4764 | D:5      | Reached skill level 5 in Fighting
  4813 | D:5      | Found a staircase to the Ecumenical Temple.
  4933 | D:5      | Found a white marble altar of Elyvilon.
  5012 | D:5      | Reached skill level 8 in Maces & Flails
  5193 | D:5      | Found an ancient bone altar of Kikubaaqudgha.
  5386 | D:6      | Reached XP level 9. HP: 44/55 MP: 9/9
  5727 | D:6      | Noticed Pikel
  5828 | D:5      | Killed Pikel
  5828 | D:5      | Reached skill level 9 in Maces & Flails
  6376 | D:6      | Found a sacrificial altar of Ru.
  6765 | D:7      | Noticed Akransas's ghost (novice DgAE)
  6867 | D:7      | Found a deep blue altar of Sif Muna.
  6867 | D:7      | Found a burning altar of Makhleb.
  6867 | D:7      | Found a hide-covered altar of Uskayaw.
  6867 | D:7      | Found a stormy altar of Qazlal.
  6873 | D:7      | Found an opulent altar of Gozag.
  6873 | D:7      | Found a bloodstained altar of Trog.
  6925 | D:7      | Killed Akransas's ghost
  7175 | D:7      | Reached ***** piety under Trog
  7295 | D:7      | Reached XP level 10. HP: 46/61 MP: 10/10
  7382 | D:7      | Reached skill level 10 in Maces & Flails
  7749 | D:8      | Noticed a two-headed ogre
  7994 | D:8      | Reached skill level 5 in Dodging
  8675 | D:8      | Found a sacrificial altar of Ru.
  8856 | D:8      | Found a shimmering altar of Xom.
  9084 | D:9      | Reached skill level 11 in Maces & Flails
  9088 | D:9      | Noticed a green ugly thing
  9098 | D:9      | Killed a green ugly thing
  9132 | D:9      | Received a gift from Trog
  9214 | D:9      | Reached XP level 11. HP: 27/69 MP: 11/11
  9781 | D:10     | Entered Level 10 of the Dungeon
  9781 | D:10     | Noticed Maurice
 10014 | D:10     | Noticed Nergalle
 10026 | D:10     | Killed Nergalle
 10026 | D:10     | Reached skill level 12 in Maces & Flails
 10108 | D:10     | Noticed Joseph
 10119 | D:9      | Killed a two-headed ogre
 10344 | D:10     | Killed Joseph
 10723 | D:10     | Noticed Harold
 10730 | D:10     | Killed Harold
 10872 | D:10     | Killed Maurice
 11141 | D:10     | Found a staircase to the Lair.
 11379 | D:11     | Noticed a two-headed ogre
 11390 | D:11     | Killed a two-headed ogre
 11390 | D:11     | Reached skill level 13 in Maces & Flails
 11430 | D:11     | Received a gift from Trog
 11485 | D:11     | Found a flagged portal.
 11534 | Bailey   | Entered a bailey
 11544 | Bailey   | Noticed an orc warlord
 11622 | Bailey   | Found a runed gate.
 11622 | Bailey   | Found a runed gate.
 11622 | Bailey   | Found a runed gate.
 11757 | Bailey   | Killed an orc warlord
 11757 | Bailey   | Reached XP level 12. HP: 77/77 MP: 12/12
 11922 | D:11     | Found a staircase to the Orcish Mines.
 12092 | D:11     | Noticed a six-headed hydra
 12102 | D:11     | Killed a six-headed hydra
 12126 | D:11     | Noticed Snorg
 12134 | D:11     | Killed Snorg
 12134 | D:11     | Reached skill level 10 in Fighting
 12207 | D:11     | Noticed Grum
 12215 | D:11     | Killed Grum
 12485 | D:11     | Noticed a catoblepas
 12497 | D:11     | Killed a catoblepas
 12497 | D:11     | Reached skill level 14 in Maces & Flails
 12590 | D:11     | Noticed Urug
 12601 | D:11     | Killed Urug
 12723 | D:12     | Noticed a centaur warrior
 12723 | D:12     | Noticed a tengu warrior
 12753 | D:12     | Killed a tengu warrior
 12765 | D:12     | Killed a centaur warrior
 12851 | D:12     | Noticed Josephine
 12893 | D:12     | Killed Josephine
 12958 | D:12     | Noticed Kirke
 12990 | D:12     | Reached skill level 10 in Armour
 12990 | D:12     | Reached XP level 13. HP: 62/84 MP: 13/13
 13007 | D:12     | Killed Kirke
 13331 | D:12     | Reached skill level 15 in Maces & Flails
 14003 | D:13     | Received a gift from Trog
 14260 | D:13     | Found a labyrinth entrance.
 14274 | Lab      | Entered a labyrinth
 15176 | Lab      | Noticed a minotaur
 15195 | Lab      | Killed a minotaur
 15245 | Lab      | Got a pair of faintly glowing gloves
 15439 | D:13     | Identified the +2 pair of gloves of the Bagpipe {rPois} (You found it in a labyrinth)
 15858 | D:14     | Found a portal to a secret trove of treasure.
 15906 | D:14     | Found a gate to the Vaults.
 16165 | D:13     | Killed from afar by a meliai

Skill      XL: |  1  2  3  4  5  6  7  8  9 10 11 12 13 |
---------------+----------------------------------------+-----
Fighting       | 4 5 6 8 9 11 12 | 12.4
Maces & Flails | 4 5 6 7 8 9 11 13 14 15 | 15.4
Dodging        | 2 3 4 5 6 |  6.2
Armour         | 3 4 5 6 7 9 10 11 | 11.3
Stealth        | 1 2 3 |  3.1

Action                   |  1- 3 |  4- 6 |  7- 9 | 10-12 | 13-15 || total
-------------------------+-------+-------+-------+-------+-------++-------
Melee: Mace              |   109 |   263 |   396 |       |       ||   768
       Whip              |       |       |    92 |   242 |       ||   334
       Morningstar       |       |       |       |   278 |       ||   278
       Dire flail        |       |       |       |   292 |   249 ||   541
       Great mace        |       |       |       |       |     8 ||     8
Invok: Berserk           |     1 |     4 |     6 |    16 |     3 ||    30
       Trog's Hand       |       |       |       |     1 |     1 ||     2
       Brothers in Arms  |       |       |       |     1 |     1 ||     2
  Use: Scroll            |       |       |    11 |     3 |     1 ||    15
       Potion            |       |       |       |       |     1 ||     1
  Eat: Chunk             |     1 |    11 |    17 |    29 |     2 ||    60
       Ration            |       |       |     1 |     2 |     4 ||     7
Armor: Animal skin       |    35 |       |       |       |       ||    35
       Ring mail         |    20 |   147 |   270 |   166 |       ||   603
       Plate armour      |       |       |       |   202 |   204 ||   406
Dodge: Dodged            |    77 |   187 |   354 |   373 |   105 ||  1096
